AoeStats
← lordvios

Lombardia

508139443Analyzed
4v4 RM · 10d ago on Sep 21, 2026· 82m 7s· 8 players
Game mode
Random Map
Map size
Large (8 player)
Population
200
Speed
Normal
Resources
Standard
Victory
Conquest
Starting age
Dark Age
Ending age
Imperial Age
RankedLock teamsTeams togetherTeam positionsShared explorationLock speedFull tech treeHidden civsTurbo modeCheats
Victory
Defeat
🇨🇦 Britons · Canada
754
+15
🇲🇽 Aztecs · Mexico
714
+17
🇲🇽 Japanese · Mexico
625
+22
🇳🇿 Wei · New Zealand
607
+22
🇺🇸 Turks · United States
766
-20
🇺🇸 Britons · United States
758
-20
🇺🇸 Burgundians · United States
755
-20
🇺🇸 Bohemians · United States
659
-30
weefimonster
10:34 Feudal Age
16:08 Castle Age
14:26 Double-Bit Axe
14:44 Horse Collar
17:50 Bow Saw
17:44 Heavy Plow
18:59 Pikeman
20:12 Fletching
22:51 Stone Mining
23:53 Bodkin Arrow
27:10 Ballistics
27:37 Gold Mining
27:47 Loom
27:51 Town Watch
28:46 Wheelbarrow
34:54 Imperial Age
33:23 Yeomen
33:25 Fortified Wall
33:13 Murder Holes
35:37 Bracer
37:07 Chemistry
36:31 Masonry
36:34 Siege Engineers
37:01 Elite Longbowman
38:13 Conscription
38:30 Hoardings
38:35 Halberdier
39:24 Padded Archer Armor
39:28 Scale Mail Armor
39:38 Forging
41:53 Leather Archer Armor
42:15 Iron Casting
41:56 Chain Mail Armor
43:17 Ring Archer Armor
43:05 Chain Mail Armor
46:21 Blast Furnace
46:00 Warwolf
55:12 Elite Skirmisher
57:00 Plate Mail Armor
zKiNGvSTON4z
14:26 Feudal Age
15:02 Double-Bit Axe
15:12 Gold Mining
15:08 Horse Collar
19:56 Castle Age
22:46 Scale Barding Armor
24:09 Scale Barding Armor
24:29 Horse Collar
25:04 Bow Saw
25:36 Gold Shaft Mining
25:47 Wheelbarrow
27:41 Hand Cart
29:24 Bloodlines
29:43 Chain Barding Armor
32:54 Forging
33:10 Heavy Plow
34:41 Husbandry
35:00 Thumb Ring
36:06 Iron Casting
35:25 Fletching
35:36 Padded Archer Armor
35:41 Scale Mail Armor
38:16 Imperial Age
38:15 Chain Mail Armor
38:17 Leather Archer Armor
38:02 Bodkin Arrow
39:32 Parthian Tactics
41:39 Thumb Ring
41:00 Heavy Hei Guang Cavalry
44:41 Husbandry
45:17 Crop Rotation
45:16 Town Watch
46:36 Blast Furnace
45:41 Bracer
50:55 Chemistry
49:24 Elite Tiger Cavalry
64:41 Town Patrol
65:20 Ring Archer Armor
75:55 Ballistics
75:27 Heated Shot
78:38 Ming Guang Armor
lordvios
7:45 Loom
12:48 Feudal Age
17:39 Castle Age
16:18 Horse Collar
16:26 Double-Bit Axe
20:18 Wheelbarrow
19:30 Town Watch
24:06 Hand Cart
23:53 Town Patrol
25:20 Gold Mining
25:43 Bow Saw
26:51 Pikeman
29:00 Heavy Plow
32:52 Caravan
33:25 Atlatl
36:02 Imperial Age
34:39 Scale Mail Armor
34:50 Forging
35:15 Squires
35:01 Gambesons
35:01 Arson
34:39 Eagle Warrior
37:47 Iron Casting
37:28 Chain Mail Armor
38:36 Conscription
38:37 Garland Wars
41:10 Blast Furnace
40:40 Plate Mail Armor
40:32 Stone Mining
41:18 Gold Shaft Mining
43:08 Elite Eagle Warrior
47:19 Stone Shaft Mining
52:24 Elite Jaguar Warrior
57:03 Fletching
57:13 Padded Archer Armor
59:28 Onager
Fake Chimono
0:37 Loom
14:19 Feudal Age
15:16 Horse Collar
15:54 Double-Bit Axe
19:31 Gold Mining
19:33 Stone Mining
29:28 Castle Age
27:27 Arson
29:33 Bloodlines
32:35 Heavy Plow
32:49 Bow Saw
32:41 Squires
32:03 Pikeman
32:13 Light Cavalry
33:13 Scale Barding Armor
33:09 Scale Mail Armor
33:20 Forging
33:01 Fletching
33:11 Padded Archer Armor
34:04 Gold Shaft Mining
35:43 Wheelbarrow
36:08 Town Watch
40:22 Hand Cart
42:42 Imperial Age
42:59 Caravan
43:29 Coinage
44:08 Kataparuto
43:49 Yasama
46:34 Chemistry
45:55 Ballistics
45:46 Masonry
45:16 Treadmill Crane
45:42 Siege Engineers
46:22 Conscription
46:17 Town Patrol
48:28 Banking
48:28 Husbandry
47:48 Cavalier
49:10 Hoardings
50:12 Halberdier
51:58 Arrowslits
52:04 Guard Tower
52:24 Fortified Wall
52:10 Murder Holes
52:37 Chain Barding Armor
52:33 Leather Archer Armor
52:13 Bodkin Arrow
52:54 Iron Casting
52:34 Chain Mail Armor
51:45 Elite Samurai
56:14 Parthian Tactics
55:12 Heavy Cavalry Archer
58:21 Blast Furnace
57:52 Plate Mail Armor
57:53 Ring Archer Armor
57:24 Bracer
79:17 Keep
79:03 Shipwright
78:53 Clinker Construction
78:53 Careening
78:57 Fervor
78:48 Atonement
78:58 Redemption
79:09 Sanctity
78:49 Devotion
79:15 Illumination
79:06 Block Printing
78:47 Herbal Medicine
79:27 Theocracy
vickshick
5:34 Loom
10:15 Feudal Age
11:23 Double-Bit Axe
16:56 Castle Age
14:45 Horse Collar
18:54 Bow Saw
21:09 Bow Saw
25:13 Heavy Plow
30:54 Imperial Age
29:27 Gold Mining
29:27 Stone Mining
33:20 Wheelbarrow
32:31 Town Watch
35:00 Ballistics
34:41 Padded Archer Armor
37:39 Hand Cart
39:45 Elite Janissary
42:29 Fletching
42:54 Leather Archer Armor
42:57 Artillery
51:43 Bloodlines
51:33 Husbandry
52:45 Conscription
57:36 Heavy Camel Rider
58:55 Bodkin Arrow
59:13 Scale Barding Armor
61:35 Bracer
62:06 Ring Archer Armor
72:42 Redemption
darkwolf
11:37 Feudal Age
15:06 Double-Bit Axe
19:46 Castle Age
18:16 Loom
19:18 Horse Collar
22:57 Gold Mining
25:45 Pikeman
31:41 Husbandry
34:29 Wheelbarrow
34:31 Yeomen
35:41 Hand Cart
36:30 Squires
36:16 Gambesons
41:05 Imperial Age
40:21 Fortified Wall
41:20 Light Cavalry
41:25 Cavalier
43:32 Bow Saw
43:15 Stone Mining
44:36 Elite Longbowman
45:05 Halberdier
45:46 Fletching
45:58 Padded Archer Armor
46:01 Scale Mail Armor
46:45 Conscription
46:49 Town Watch
47:45 Hoardings
50:15 Warwolf
57:07 Ballistics
57:47 Chemistry
56:54 Siege Engineers
56:30 Treadmill Crane
56:47 Murder Holes
57:04 Masonry
56:44 Arrowslits
64:33 Bodkin Arrow
64:55 Chain Mail Armor
67:22 Bracer
67:38 Leather Archer Armor
71:25 Heavy Scorpion
74:25 Heavy Plow
76:10 Scale Barding Armor
77:43 Chain Barding Armor
77:57 Ring Archer Armor
80:18 Plate Mail Armor
80:11 Chain Barding Armor
80:04 Forging
hanumatejamaddali
6:25 Loom
12:25 Feudal Age
17:41 Castle Age
19:40 Pikeman
26:44 Fervor
26:58 Sanctity
26:52 Redemption
26:46 Atonement
29:27 Wheelbarrow
28:43 Double-Bit Axe
28:45 Horse Collar
29:02 Crossbowman
31:28 Wagenburg Tactics
33:21 Ballistics
32:58 Murder Holes
33:14 Masonry
32:48 Treadmill Crane
38:17 Imperial Age
36:05 Heavy Plow
38:56 Chemistry
39:34 Hand Cart
40:52 Fletching
42:14 Houfnice
43:46 Capped Ram
45:34 Block Printing
45:38 Siege Engineers
46:17 Conscription
47:11 Squires
47:49 Architecture
46:47 Arbalester
49:05 Halberdier
54:07 Elite Hussite Wagon
56:01 Bodkin Arrow
56:18 Forging
56:12 Padded Archer Armor
56:13 Scale Mail Armor
56:19 Scale Barding Armor
57:56 Town Watch
58:17 Bracer
65:47 Hussite Reforms
68:41 Herbal Medicine
69:12 Illumination
69:25 Theocracy
70:19 Husbandry
69:47 Light Cavalry
kingfisher1108
4:23 Loom
10:46 Feudal Age
17:37 Double-Bit Axe
23:38 Castle Age
23:04 Scale Barding Armor
23:20 Bow Saw
22:51 Horse Collar
25:40 Chain Barding Armor
24:48 Light Cavalry
27:00 Pikeman
29:15 Wheelbarrow
31:49 Forging
39:20 Imperial Age
38:21 Hand Cart
38:42 Elite Skirmisher
39:17 Fletching
39:27 Padded Archer Armor
41:08 Burgundian Vineyards
43:07 Bodkin Arrow
43:12 Scale Mail Armor
45:42 Iron Casting
45:22 Chain Mail Armor
45:22 Leather Archer Armor
45:08 Bracer
47:51 Conscription
48:35 Chemistry
47:57 Ballistics
49:46 Two-Man Saw
49:50 Blast Furnace
49:20 Plate Mail Armor
50:29 Elite Coustillier
52:33 Plate Barding Armor
54:48 Halberdier
Connection lost

Rejoining the realm…

Still unreachable

The connection could not be restored.

Session expired

The server has moved on; the page needs a fresh start.